 Dungeon Crawl Stone Soup version 0.19.1 (webtiles) character file.

46 CanadianGator the Magician (level 3, 0/19 HPs)
             Began as a Deep Elf Wizard on Dec 14, 2016.
             Slain by a rat (1 damage)
             ... on level 2 of the Dungeon.
             The game lasted 00:06:25 (1299 turns).

CanadianGator the Magician (Deep Elf Wizard)        Turns: 1299, Time: 00:06:26

Health: 0/19       AC:  2    Str:  4    XL:     3   Next: 44%
Magic:  3/11       EV: 13    Int: 23    God:
Gold:   45         SH:  0    Dex: 13    Spells: 4 memorised, 2 levels left

rFire  . . .     SeeInvis .     (no weapon)
rCold  . . .     Gourm    .     a - +0 robe
rNeg   . . .     Faith    .     (no shield)
rPois  .         Spirit   .     b - +0 hat
rElec  .         Reflect  .     (no cloak)
rCorr  .         Harm     .     (no gloves)
MR     .....                    (no boots)
Stlth  ++........               (no amulet)
                                (no ring)
                                (no ring)

@: very slightly contaminated
A: no striking features
a: no special abilities


You were on level 2 of the Dungeon.
You were very hungry.

You visited 1 branch of the dungeon, and saw 2 of its levels.

You collected 45 gold pieces.

Inventory:

Armour
 a - a +0 robe (worn)
 b - a +0 hat (worn)
Wands
 k - a wand of teleportation (2/9)
Scrolls
 e - a scroll of teleportation {unknown}
 i - a scroll of remove curse {unknown}
Potions
 f - 2 potions of degeneration {unknown}
 j - a potion of brilliance {unknown}
Books
 c - a book of Minor Magic

   Spells                             Type                      Level
   a - Magic Dart                     Conjuration                  1
   b - Blink                          Translocation                2
   c - Call Imp                       Summoning                    2
   d - Repel Missiles                 Charms/Air                   2
   e - Slow                           Hexes                        2
   f - Conjure Flame                  Conjuration/Fire             3
   g - Mephitic Cloud                 Conjuration/Poison/Air       3
Comestibles
 d - a bread ration
 g - a royal jelly
 h - a slice of pizza


   Skills:
 * Level 3.2 Dodging
 + Level 2.7 Stealth
 * Level 4.9 Spellcasting
 * Level 2.2 Conjurations
   Level 1.1 Summonings
 + Level 1.2 Translocations


You had 2 spell levels left.
You knew the following spells:

 Your Spells              Type           Power        Failure   Level  Hunger
a - Magic Dart            Conj           ###.         3%          1    None
b - Blink                 Tloc           N/A          12%         2    None
c - Mephitic Cloud        Conj/Pois/Air  #.......     24%         3    ##.....
d - Conjure Flame         Conj/Fire      ##......     21%         3    ##.....


Dungeon Overview and Level Annotations

Branches:
Dungeon (2/15)

Altars:


Message History

The kobold shouts!
The kobold hits you with a short sword.
The jackal bites you but does no damage.
The kobold closely misses you. The jackal barely misses you.
The worm seems less confused.
The kobold hits you with a short sword.
* * * LOW HITPOINT WARNING * * *
The jackal bites you.
* * * LOW HITPOINT WARNING * * *
The jackal closely misses you. The kobold barely misses you.
The jackal misses you.
The jackal bites you but does no damage.
The jackal completely misses you.
Found 6 gold pieces.
The kobold throws a stone.
The stone hits you but does no damage. The jackal bites you.
* * * LOW HITPOINT WARNING * * *
You see here a stone.
The rat twitches its whiskers.
The rat bites you.
You die...

#....†..?♣ ..
#(......?♣♣.....
#.......♣..♣....
#...............
#...............
##...w......$...
##...h.........
##?KKr........
##.Kh@......#
##........##
##########


You could see a worm, 2 jackals, 3 kobolds and a rat.

Vanquished Creatures
  2 oozes (D:1)
  2 worms (D:1)
  A dart slug (D:1)
  A leopard gecko (D:1)
  A ball python (D:1)
  2 giant cockroaches
  2 goblins (D:1)
  2 hobgoblins (D:1)
  4 jackals (D:1)
  5 bats
  3 frilled lizards (D:1)
  3 kobolds (D:1)
  A rat (D:1)
29 creatures vanquished.

Notes
Turn   | Place    | Note
-------+----------+-------------------------------------------
     0 | D:1      | CanadianGator the Deep Elf Wizard began the quest for the Orb.
     0 | D:1      | Reached XP level 1. HP: 10/10 MP: 7/7
   193 | D:1      | Reached XP level 2. HP: 7/15 MP: 5/9
   229 | D:1      | Learned a level 2 spell: Blink
   689 | D:1      | Reached XP level 3. HP: 18/19 MP: 0/11
   701 | D:1      | Learned a level 3 spell: Mephitic Cloud
   707 | D:1      | Learned a level 3 spell: Conjure Flame
  1299 | D:2      | Slain by a rat

Skill      XL: |  1  2  3 |
---------------+----------+-----
Dodging        | 3 |  3.2
Conjurations   | 2 |  2.2
Stealth        | |  2.7
Spellcasting   | |  4.9
Summonings     | |  1.1
Translocations | |  1.2

Action                   || total
-------------------------++-------
Melee: Unarmed           ||    19
 Cast: Magic Dart        ||    73
       Blink             ||     2
       Mephitic Cloud    ||     3
Armor: Robe              ||    11
Dodge: Dodged            ||    55
